 Dungeon Crawl Stone Soup version 0.24.0-13-gcf9b319 (webtiles) character file.

Game seed: 8248074538062180723, levelgen mode: deterministic

3095 shmeve the Fighter (level 9, -7/84 HPs)
             Began as a Minotaur Berserker on Apr 13, 2020.
             Was a Priest of Trog.
             Mangled by a troll (14 damage)
             ... on level 8 of the Dungeon.
             The game lasted 00:09:34 (6570 turns).

shmeve the Fighter (Minotaur Berserker)             Turns: 6570, Time: 00:09:35

Health: -7/84      AC: 10    Str: 24    XL:     9   Next: 59%
Magic:  8/8        EV: 10    Int:  5    God:    Trog [***...]
Gold:   341        SH:  0    Dex: 10    Spells: 8/8 levels left

rFire    . . .     SeeInvis .   a - +0 hand axe
rCold    . . .     Gourm    .   (no shield)
rNeg     . . .     Faith    .   d - +0 chain mail
rPois    .         Spirit   .   (helmet restricted)
rElec    .         Reflect  .   (no cloak)
rCorr    .         Harm     .   (no gloves)
MR       ++...                  (no boots)
Stlth    ..........             (no amulet)
HPRegen  1.24/turn              (no ring)
MPRegen  0.11/turn              (no ring)

@: berserk cooldown, regenerating
A: retaliatory headbutt, horns 2
a: Berserk, Trog's Hand, Renounce Religion


You were on level 8 of the Dungeon.
You worshipped Trog.
Trog was most pleased with you.
You were not hungry.

You visited 1 branch of the dungeon, and saw 8 of its levels.

You collected 431 gold pieces.
You spent 90 gold pieces at shops.

Inventory:

Hand Weapons
 a - a +0 hand axe (weapon)
Missiles
 o - 4 boomerangs (quivered)
Armour
 d - a +0 chain mail (worn)
Jewellery
 C - an uncursed ring of wizardry {unknown}
Wands
 e - a wand of acid (10)
 q - a wand of disintegration (20)
 v - a wand of flame (14)
 z - a wand of digging (8)
Scrolls
 g - a scroll of enchant armour {unknown}
 h - 4 scrolls of identify
 j - 2 scrolls of blinking {unknown}
 k - a scroll of noise {unknown}
 l - 2 scrolls of fog {unknown}
 n - a scroll of immolation {unknown}
 p - 2 scrolls of fear {unknown}
 r - 5 scrolls of magic mapping {unknown}
 t - a scroll of silence {unknown}
 y - a scroll of teleportation {unknown}
Potions
 b - 3 potions of curing
 i - a potion of brilliance {unknown}
 m - 2 potions of haste {unknown}
 s - a potion of flight {unknown}
 u - a potion of mutation {unknown}
 w - 3 potions of might {unknown}
 x - a potion of lignification {unknown}
 A - a potion of invisibility {unknown}
Comestibles
 c - 10 rations
 B - 2 chunks of flesh


   Skills:
 * Level 9.4 Fighting
 * Level 9.3 Axes
 + Level 4.8 Throwing
 + Level 6.5 Armour
 + Level 6.1 Dodging


You had 8 spell levels left.
You didn't know any spells.
Your spell library was empty.

Dungeon Overview and Level Annotations

Branches:
Dungeon (8/15)             Temple (0/1) D:7
   Lair: D:8-11

Altars:
Fedhas
Hepliaklqana
Makhleb
Qazlal
Ru
Uskayaw
Wu Jian
Yredelemnul
Zin
The Shining One


Innate Abilities, Weirdness & Mutations

You reflexively headbutt those who attack you in melee.
You have a pair of horns on your head.


Message History

You slash the gnoll!
You kill the gnoll!
Trog accepts your kill. The troll bites you!
* * * LOW HITPOINT WARNING * * *
The troll claws you!
* * * LOW HITPOINT WARNING * * *
The troll claws you.
* * * LOW HITPOINT WARNING * * *
You hit the troll.
The troll is moderately wounded.
The troll bites you but does no damage. The troll claws you.
* * * LOW HITPOINT WARNING * * *
The troll closely misses you.
Unknown command.
Okay, then.
Unknown command.
You feel the effects of Trog's Hand fading.
The troll bites you!
You die...

. #. # ### ###.#. ...
......###
.......#####
#.##..#.>.T.# ..
.......)...@# ...
#.##<.#†....## #...
.......####≈##+##≈#..
... ......###
#.≈.≈.≈.... ###
#####. ##.....## #..
###....##### #####
#.# #...........
....# #.#
#.##.##.#### ###.#
#.# #.##)##.####


You could see a troll.

Vanquished Creatures
  Joseph (D:8)
  Psyche (D:8)
  Prince Ribbit (D:7)
  2 hippogriffs
  A water moccasin (D:7)
  An ice beast (D:6)
  2 ogres
  A sky beast (D:6)
  A centaur (D:7)
  2 big kobolds
  3 bullfrogs
  A scorpion (D:7)
  4 killer bees (D:7)
  5 wights (D:7)
  An electric eel (D:7)
  3 crimson imps
  A howler monkey (D:5)
  A hound (D:6)
  A bullfrog skeleton (D:7)
  7 worker ants
  A hound zombie (D:7)
  10 adders
  3 gnolls (D:8)
  An ooze (D:3)
  An adder zombie (D:6)
  3 worms
  2 dart slugs (D:2)
  2 leopard geckos
  9 orcs
  2 giant cockroaches
  6 goblins
  7 hobgoblins
  9 jackals
  16 kobolds
  3 quokkas
  2 ball pythons (D:2)
  2 bats
  2 frilled lizards (D:1)
  A leopard gecko skeleton (D:6)
  6 rats
128 creatures vanquished.

Notes
Turn   | Place    | Note
-------+----------+-------------------------------------------
     0 | D:1      | shmeve the Minotaur Berserker began the quest for the Orb.
     0 | D:1      | Reached XP level 1. HP: 19/19 MP: 0/0
   216 | D:1      | Reached XP level 2. HP: 27/27 MP: 1/1
   950 | D:2      | Reached ** piety under Trog
  1044 | D:2      | Reached XP level 3. HP: 33/33 MP: 2/2
  1054 | D:2      | Found a hide-covered altar of Uskayaw.
  1431 | D:2      | Reached skill level 1 in Throwing
  1463 | D:2      | Reached XP level 4. HP: 41/41 MP: 3/3
  2113 | D:3      | Found a sacrificial altar of Ru.
  2469 | D:4      | Reached XP level 5. HP: 39/47 MP: 4/4
  2477 | D:4      | Reached skill level 5 in Fighting
  2849 | D:4      | Reached skill level 5 in Axes
  3041 | D:5      | Entered Level 5 of the Dungeon
  3183 | D:5      | Found a hazy altar of Hepliaklqana.
  3201 | D:5      | Found an ornate altar of the Wu Jian Council.
  3201 | D:5      | Found a basalt altar of Yredelemnul.
  3201 | D:5      | Found a stormy altar of Qazlal.
  3346 | D:5      | Reached XP level 6. HP: 55/56 MP: 5/5
  3397 | D:5      | Got a bloodstained leather armour
  3399 | D:5      | Identified the +1 leather armour of the Gloaming {+Blink
                  | +Inv rF+ Str-3 SInv} (You found it on level 5 of the
                  | Dungeon)
  3921 | D:6      | Found Zin's Purification Station.
  3924 | D:6      | Found a glowing silver altar of Zin.
  3929 | D:6      | Bought a potion of curing for 90 gold pieces
  3941 | D:6      | Noticed an ice beast
  3952 | D:6      | Killed an ice beast
  3952 | D:6      | Reached XP level 7. HP: 43/63 MP: 6/6
  4062 | D:6      | Found a blossoming altar of Fedhas.
  4072 | D:6      | Found a burning altar of Makhleb.
  4630 | D:7      | Reached XP level 8. HP: 7/73 MP: 7/7
  4965 | D:7      | Noticed a hippogriff
  4973 | D:7      | Killed a hippogriff
  5104 | D:7      | Found a staircase to the Ecumenical Temple.
  5128 | D:7      | Reached skill level 5 in Armour
  5155 | D:7      | Reached *** piety under Trog
  5236 | D:7      | Reached skill level 5 in Dodging
  5733 | D:7      | Noticed Prince Ribbit
  5742 | D:7      | Killed Prince Ribbit
  6008 | D:7      | Found a glowing golden altar of the Shining One.
  6015 | D:7      | Reached XP level 9. HP: 77/82 MP: 8/8
  6311 | D:8      | Noticed Joseph
  6330 | D:8      | Killed Joseph
  6389 | D:8      | Reached **** piety under Trog
  6525 | D:8      | Noticed Psyche
  6531 | D:8      | Killed Psyche
  6554 | D:8      | Noticed a troll
  6567 | D:8      | HP: 4/84 [troll (3)]
  6570 | D:8      | Mangled by a troll

Levels and vault maps discovered:
D:1:      dpeg_arrival_chase, layout_basic, serial_co_window_serial,
          co_window_paths_a, co_window_of_opportunity_a, co_window_cross_1,
          co_window_corner_a, co_window_of_opportunity_a, co_window_corner_a,
          co_window_paths_a, co_window_unsneaky_path_a, co_window_broadway_a,
          co_window_cross_2, co_window_paths_c, co_window_broadway_b,
          co_window_4corner_b, co_window_paths_d, glass_columns_b,
          glass_columns_a, glass_columns_a, glass_columns_a
D:2:      layout_loops_ring, nicolae_overflow_crystal_walls, first_ration,
          grunt_ministairs_5, minmay_tromino_v4_c
D:3:      layout_rooms, nicolae_overflow_hidden_temple,
          minmay_misc_feat_four_crosses
D:4:      layout_rooms, hangedman_abyss_or_decor_stabs
D:5:      layout_basic, gammafunk_temple_overflow_claw, lemuel_crystal_altar,
          hex_intersection
D:6:      layout_loops_ring, bloody_makhleb, zin_purify,
          overflow_temple_1_default
D:7:      layout_loops_ring, kennysheep_little_box, temple_fountains,
          fountainhead, uniq_prince_ribbit1
D:8:      layout_loops_cross, lemuel_round_altar,
          hangedman_little_slice_of_home, dk_vineyard_3, lemuel_statue_altar,
          uniq_joseph, uniq_psyche, uniq_erica, uniq_harold

Skill      XL: |  1  2  3  4  5  6  7  8  9 |
---------------+----------------------------+-----
Axes           | 4 5 6 8 9 |  9.3
Fighting       | 4 5 6 7 8 9 |  9.4
Throwing       | 1 2 3 4 |  4.8
Armour         | 3 4 5 6 |  6.5
Dodging        | 3 4 5 6 |  6.1

Action                   |  1- 3 |  4- 6 |  7- 9 || total
-------------------------+-------+-------+-------++-------
Melee: Hand axe          |    75 |    93 |   218 ||   386
       Headbutt          |    16 |    15 |    41 ||    72
Throw: Boomerang         |       |    25 |    33 ||    58
Invok: Berserk           |       |     1 |     4 ||     5
       Trog's Hand       |       |       |     4 ||     4
  Use: Scroll            |       |     4 |       ||     4
       Potion            |       |       |     4 ||     4
  Eat: Chunk             |     2 |     8 |    10 ||    20
       Ration            |       |       |     1 ||     1
Armor: Chain mail        |    32 |    63 |   134 ||   229
Dodge: Dodged            |    30 |    49 |   119 ||   198
